General information
- name: BNet
- type: Ladder team game (AT/RT)
- host: Battle.net
- saver: Juggernaut
map: MarketSquare
- players: 8
- length: 31:37
- speed: Fast
- version: 1.27 W3XP
- replay type: Public
» download(208 KB)
Players
team 1 (loser)

»
Manplay (
orange | 107 APM | 3376 actions | 31:36)
5 Tauren Chieftain
3 Endurance Aura
2 War Stomp
3 Shadow Hunter
1 Hex
2 Healing Wave
» actions
| Assign group hotkey | 236 | |
| Basic commands | 223 | |
| Build / train | 95 | |
| ESC pressed | 4 | |
| Enter build submenu | 27 | |
| Enter hero's abilities submenu | 8 | |
| Give item / drop item | 3 | |
| Remove unit from queue | 3 | |
| Right click | 1029 | |
| Select / deselect | 636 | |
| Select group hotkey | 1024 | |
| Use ability | 88 | |
3376 total
» units
| Peon | 15 | |
| Troll Headhunter/Berserker | 16 | |
| Demolisher | 3 | |
| Shaman | 2 | |
| Troll Witch Doctor | 3 | |
39 total
» upgrades
| Ranged Weapons | 3 | |
| Troll Regeneration | 1 | |
| Armor | 2 | |
| Shaman Training | 2 | |
| Berserker Upgrade | 1 | |
| Burning Oil | 1 | |
| Witch Doctor Training | 2 | |
| Melee Weapons | 2 | |
| Reinforced Defenses | 1 | |
15 total
» buildings
| War Mill | 2 | |
| Orc Burrow | 12 | |
| Altar of Storms | 1 | |
| Barracks | 2 | |
| Voodoo Lounge | 1 | |
| Stronghold | 1 | |
| Great Hall | 4 | |
| Spirit Lodge | 2 | |
| Fortress | 1 | |
26 total
» build order
00:24 War Mill
00:30 Orc Burrow
00:43 Altar of Storms
01:48 Barracks
02:05 Barracks
02:11 Orc Burrow
02:27 Voodoo Lounge
02:44 Orc Burrow
02:49 Orc Burrow
04:26 Stronghold
06:27 Great Hall
07:58 Orc Burrow
08:01 Spirit Lodge
08:03 Fortress
09:18 Orc Burrow
10:35 Spirit Lodge
15:58 Orc Burrow
16:00 Orc Burrow
18:53 War Mill
20:19 Great Hall
21:06 Great Hall
23:07 Great Hall
25:17 Orc Burrow
25:20 Orc Burrow
25:47 Orc Burrow
25:48 Orc Burrow
» items
| Healing Salve | 1 | |
| Orb of Lightning | 1 | |
| Potion of Healing | 3 | |
| Lesser Clarity Potion | 2 | |
| Scroll of Town Portal | 2 | |
9 total

»
Jolene (
yellow | 43 APM | 1353 actions | 31:37)
5 Death Knight
2 Death Coil
2 Unholy Aura
1 Death Pact
2 Pandaren Brewmaster
1 Breath of Fire
1 Drunken Brawler
2 Pit Lord
1 Cleaving Attack
1 Howl of Terror
» actions
| Assign group hotkey | 33 | |
| Basic commands | 41 | |
| Build / train | 120 | |
| Enter build submenu | 31 | |
| Enter hero's abilities submenu | 9 | |
| Remove unit from queue | 10 | |
| Right click | 476 | |
| Select / deselect | 272 | |
| Select group hotkey | 251 | |
| Use ability | 110 | |
1353 total
» units
| Acolyte | 43 | |
| Ghoul | 6 | |
| Crypt Fiend | 21 | |
| Frost Wyrm | 3 | |
73 total
» upgrades
| Web | 1 | |
| Ghoul Frenzy | 1 | |
| Creature Attack | 2 | |
| Creature Carapace | 2 | |
6 total
» buildings
| Graveyard | 2 | |
| Crypt | 2 | |
| Ziggurat | 6 | |
| Altar of Darkness | 2 | |
| Tomb of Relics | 1 | |
| Nerubian Tower | 2 | |
| Halls of the Dead | 3 | |
| Necropolis | 4 | |
| Black Citadel | 1 | |
| Sacrificial Pit | 1 | |
| Boneyard | 3 | |
| Spirit Tower | 2 | |
29 total
» build order
00:13 Graveyard
00:18 Crypt
00:40 Ziggurat
00:59 Altar of Darkness
01:27 Ziggurat
01:54 Tomb of Relics
02:19 Nerubian Tower
02:19 Nerubian Tower
02:46 Halls of the Dead
02:46 Halls of the Dead
02:47 Halls of the Dead
04:27 Ziggurat
05:59 Necropolis
06:31 Black Citadel
07:16 Sacrificial Pit
08:19 Crypt
09:14 Boneyard
09:14 Boneyard
11:02 Boneyard
11:04 Ziggurat
11:04 Ziggurat
11:05 Ziggurat
12:02 Graveyard
13:17 Necropolis
15:40 Necropolis
17:28 Necropolis
23:25 Spirit Tower
26:26 Altar of Darkness
» items
| Rod of Necromancy | 1 | |
| Orb of Corruption | 1 | |
| Scroll of Town Portal | 1 | |
| Scroll of Healing | 1 | |
| Potion of Healing | 2 | |
6 total
ImpatientJake (
red | 86 APM | 2707 actions | 31:37)
5 Death Knight
3 Death Coil
2 Unholy Aura
4 Lich
2 Frost Nova
1 Dark Ritual
1 Frost Armor
» actions
| Assign group hotkey | 42 | |
| Basic commands | 293 | |
| Build / train | 98 | |
| Enter build submenu | 26 | |
| Enter hero's abilities submenu | 9 | |
| Give item / drop item | 5 | |
| Right click | 836 | |
| Select / deselect | 301 | |
| Select group hotkey | 997 | |
| Use ability | 100 | |
2707 total
» units
| Acolyte | 7 | |
| Ghoul | 3 | |
| Crypt Fiend | 7 | |
| Gargoyle | 5 | |
| Frost Wyrm | 2 | |
24 total
» upgrades
| Creature Attack | 3 | |
| Creature Carapace | 3 | |
| Burrow | 1 | |
| Web | 1 | |
| Stone Form | 1 | |
| Ghoul Frenzy | 1 | |
| Destroyer Form | 1 | |
| Unholy Armor | 3 | |
| Disease Cloud | 1 | |
| Unholy Strength | 3 | |
| Cannibalize | 1 | |
| Freezing Breath | 1 | |
| Exhume Corpses | 1 | |
21 total
» buildings
| Graveyard | 1 | |
| Crypt | 4 | |
| Altar of Darkness | 1 | |
| Ziggurat | 9 | |
| Tomb of Relics | 2 | |
| Necropolis | 1 | |
| Halls of the Dead | 3 | |
| Nerubian Tower | 4 | |
| Spirit Tower | 14 | |
| Black Citadel | 1 | |
| Slaughterhouse | 1 | |
| Sacrificial Pit | 1 | |
| Boneyard | 2 | |
44 total
» build order
00:14 Graveyard
00:15 Crypt
00:50 Altar of Darkness
01:05 Ziggurat
01:33 Tomb of Relics
02:12 Ziggurat
05:13 Ziggurat
05:15 Ziggurat
05:18 Necropolis
06:07 Halls of the Dead
06:07 Halls of the Dead
06:08 Halls of the Dead
06:17 Nerubian Tower
06:41 Nerubian Tower
06:45 Spirit Tower
06:46 Spirit Tower
07:16 Ziggurat
07:18 Tomb of Relics
07:39 Ziggurat
08:36 Black Citadel
08:41 Spirit Tower
08:42 Spirit Tower
09:37 Spirit Tower
09:56 Slaughterhouse
10:10 Crypt
10:15 Ziggurat
11:15 Crypt
11:43 Sacrificial Pit
13:03 Boneyard
13:26 Boneyard
13:38 Crypt
15:33 Spirit Tower
15:34 Spirit Tower
15:34 Spirit Tower
15:35 Spirit Tower
16:33 Ziggurat
16:34 Ziggurat
17:38 Spirit Tower
17:38 Spirit Tower
17:39 Spirit Tower
» items
| Rod of Necromancy | 2 | |
| Sacrificial Skull | 3 | |
| Scroll of Town Portal | 2 | |
| Orb of Corruption | 1 | |
| Potion of Lesser Invulnerability | 1 | |
| Staff of Teleportation | 2 | |
11 total

»
EarthWurmJim (
purple | 27 APM | 866 actions | 31:36)
4 Blademaster
2 Wind Walk
2 Critical Strike
» actions
| Assign group hotkey | 18 | |
| Basic commands | 3 | |
| Build / train | 50 | |
| Enter build submenu | 18 | |
| Enter hero's abilities submenu | 4 | |
| Right click | 244 | |
| Select / deselect | 339 | |
| Select group hotkey | 167 | |
| Use ability | 23 | |
866 total
» units
| Peon | 19 | |
| Wind Rider | 13 | |
| Troll Batrider | 5 | |
37 total
» upgrades
» buildings
| Stronghold | 4 | |
| War Mill | 1 | |
| Orc Burrow | 6 | |
| Altar of Storms | 1 | |
| Beastiary | 3 | |
| Great Hall | 1 | |
| Voodoo Lounge | 1 | |
17 total
» build order
01:24 Stronghold
01:24 Stronghold
01:27 War Mill
01:34 Orc Burrow
01:48 Altar of Storms
02:31 Orc Burrow
03:47 Beastiary
04:26 Beastiary
04:37 Orc Burrow
05:24 Beastiary
05:37 Orc Burrow
07:37 Orc Burrow
08:40 Orc Burrow
09:41 Great Hall
16:10 Voodoo Lounge
team 2 (winner)
fumbler (
green | 57 APM | 611 actions | 10:41)
3 Pandaren Brewmaster
1 Drunken Brawler
2 Breath of Fire
» actions
| Assign group hotkey | 14 | |
| Basic commands | 12 | |
| Build / train | 39 | |
| ESC pressed | 2 | |
| Enter build submenu | 26 | |
| Enter hero's abilities submenu | 3 | |
| Give item / drop item | 1 | |
| Right click | 268 | |
| Select / deselect | 204 | |
| Select group hotkey | 8 | |
| Use ability | 34 | |
611 total
» units
| Peasant | 17 | |
| Footman | 4 | |
| Assassin | 2 | |
| Rogue | 2 | |
| Kobold Geomancer | 1 | |
| Forest Troll High Priest | 1 | |
27 total
» upgrades
» buildings
| Barracks | 1 | |
| Farm | 6 | |
| Lumber Mill | 2 | |
| Altar of Kings | 1 | |
| Scout Tower | 8 | |
| Arcane Tower | 1 | |
| Town Hall | 1 | |
| Blacksmith | 2 | |
| Keep | 1 | |
| Guard Tower | 2 | |
25 total
» build order
00:13 Barracks
00:37 Farm
00:43 Lumber Mill
01:19 Altar of Kings
01:22 Farm
01:51 Scout Tower
02:05 Farm
02:18 Arcane Tower
03:25 Farm
04:46 Farm
05:00 Town Hall
05:44 Farm
06:27 Scout Tower
07:37 Scout Tower
07:40 Blacksmith
07:51 Keep
07:57 Scout Tower
08:04 Lumber Mill
08:09 Guard Tower
08:15 Scout Tower
08:27 Guard Tower
08:29 Scout Tower
09:29 Blacksmith
09:41 Scout Tower
09:43 Scout Tower
» items
| Staff of Teleportation | 1 | |
| Circlet of Nobility | 1 | |
| Boots of Speed | 1 | |
3 total
bannedfromwc3 (
pink | 42 APM | 312 actions | 07:21)
2 Archmage
1 Blizzard
1 Brilliance Aura
» actions
| Assign group hotkey | 8 | |
| Basic commands | 1 | |
| Build / train | 29 | |
| Enter build submenu | 15 | |
| Enter hero's abilities submenu | 2 | |
| Remove unit from queue | 1 | |
| Right click | 116 | |
| Select / deselect | 72 | |
| Select group hotkey | 50 | |
| Use ability | 18 | |
312 total
» units
» upgrades
» buildings
| Altar of Kings | 1 | |
| Farm | 6 | |
| Arcane Vault | 1 | |
| Barracks | 2 | |
| Blacksmith | 1 | |
| Lumber Mill | 1 | |
| Keep | 1 | |
| Castle | 2 | |
15 total
» build order
00:11 Altar of Kings
00:14 Farm
01:19 Farm
01:53 Arcane Vault
02:12 Barracks
02:14 Barracks
02:21 Blacksmith
02:53 Lumber Mill
03:25 Keep
04:03 Farm
04:06 Farm
04:42 Farm
05:47 Castle
05:47 Castle
06:36 Farm
Juggernaut (
blue | 56 APM | 1757 actions | 31:37)
9 Mountain King
3 Storm Bolt
3 Bash
1 Avatar
2 Thunder Clap
» actions
| Assign group hotkey | 71 | |
| Basic commands | 56 | |
| Build / train | 97 | |
| Enter build submenu | 56 | |
| Enter hero's abilities submenu | 10 | |
| Remove unit from queue | 1 | |
| Right click | 769 | |
| Select / deselect | 378 | |
| Select group hotkey | 176 | |
| Use ability | 143 | |
1757 total
» units
| Peasant | 25 | |
| Footman | 4 | |
| Dragonhawk Rider | 11 | |
40 total
» upgrades
| Lumber Harvesting | 2 | |
| Masonry | 3 | |
| Swords | 3 | |
| Armor | 3 | |
| Cloud | 1 | |
| Animal War Training | 1 | |
| Magic Sentry | 1 | |
14 total
» buildings
| Altar of Kings | 1 | |
| Barracks | 2 | |
| Farm | 7 | |
| Scout Tower | 31 | |
| Arcane Tower | 1 | |
| Arcane Vault | 2 | |
| Keep | 1 | |
| Lumber Mill | 1 | |
| Town Hall | 4 | |
| Castle | 1 | |
| Guard Tower | 10 | |
| Gryphon Aviary | 5 | |
| Blacksmith | 2 | |
| Arcane Sanctum | 1 | |
69 total
» build order
00:51 Altar of Kings
00:53 Barracks
00:56 Farm
00:57 Farm
01:05 Farm
01:41 Farm
02:01 Scout Tower
02:34 Arcane Tower
03:17 Arcane Vault
03:42 Keep
04:02 Lumber Mill
04:53 Town Hall
06:39 Castle
06:42 Scout Tower
06:42 Scout Tower
06:42 Scout Tower
06:44 Scout Tower
06:45 Scout Tower
07:17 Guard Tower
07:50 Scout Tower
07:51 Scout Tower
07:53 Scout Tower
07:55 Scout Tower
08:19 Scout Tower
08:20 Scout Tower
08:33 Guard Tower
08:53 Guard Tower
11:45 Scout Tower
11:45 Scout Tower
11:46 Scout Tower
11:47 Scout Tower
11:57 Scout Tower
11:57 Scout Tower
12:12 Arcane Vault
12:14 Scout Tower
12:17 Guard Tower
12:38 Gryphon Aviary
12:38 Gryphon Aviary
12:39 Gryphon Aviary
12:40 Gryphon Aviary
12:42 Gryphon Aviary
12:49 Blacksmith
12:51 Blacksmith
12:59 Scout Tower
13:01 Scout Tower
13:04 Farm
13:06 Scout Tower
13:11 Scout Tower
13:16 Scout Tower
13:18 Scout Tower
13:20 Scout Tower
13:26 Scout Tower
13:30 Guard Tower
13:38 Farm
13:40 Farm
13:48 Guard Tower
13:52 Guard Tower
13:54 Guard Tower
14:13 Guard Tower
15:33 Barracks
16:37 Scout Tower
16:38 Scout Tower
16:38 Scout Tower
17:40 Guard Tower
18:55 Town Hall
21:59 Town Hall
26:19 Arcane Sanctum
28:20 Town Hall
» items
| Potion of Healing | 6 | |
| Scroll of Regeneration | 4 | |
| Scroll of Town Portal | 6 | |
| Staff of Sanctuary | 1 | |
| Orb of Fire | 1 | |
| Boots of Speed | 1 | |
19 total
BETTLEJOOCE (
teal | 90 APM | 2830 actions | 31:37)
9 Archmage
3 Summon Water Elemental
3 Brilliance Aura
1 Blizzard
2 Mass Teleport
» actions
| Assign group hotkey | 37 | |
| Basic commands | 5 | |
| Build / train | 82 | |
| Enter build submenu | 19 | |
| Enter hero's abilities submenu | 12 | |
| Give item / drop item | 4 | |
| Remove unit from queue | 1 | |
| Right click | 1294 | |
| Select / deselect | 322 | |
| Select group hotkey | 920 | |
| Use ability | 134 | |
2830 total
» units
| Peasant | 8 | |
| Footman | 4 | |
| Dragonhawk Rider | 17 | |
| Rifleman | 7 | |
36 total
» upgrades
| Masonry | 3 | |
| Lumber Harvesting | 1 | |
| Animal War Training | 1 | |
| Cloud | 1 | |
| Gunpowder | 1 | |
7 total
» buildings
| Altar of Kings | 1 | |
| Barracks | 1 | |
| Farm | 15 | |
| Scout Tower | 4 | |
| Arcane Tower | 1 | |
| Keep | 2 | |
| Lumber Mill | 1 | |
| Guard Tower | 4 | |
| Arcane Vault | 1 | |
| Blacksmith | 1 | |
| Castle | 2 | |
| Gryphon Aviary | 2 | |
35 total
» build order
00:07 Altar of Kings
00:23 Barracks
00:36 Farm
00:51 Farm
01:31 Scout Tower
01:40 Farm
02:03 Arcane Tower
03:20 Keep
03:20 Keep
03:28 Lumber Mill
03:35 Scout Tower
03:35 Scout Tower
03:41 Scout Tower
04:32 Guard Tower
04:32 Guard Tower
04:36 Farm
04:44 Arcane Vault
05:03 Blacksmith
05:57 Castle
06:43 Gryphon Aviary
07:02 Gryphon Aviary
07:06 Farm
07:06 Farm
07:07 Farm
07:08 Farm
09:13 Farm
09:13 Farm
09:51 Guard Tower
09:51 Guard Tower
11:52 Farm
11:52 Farm
11:53 Farm
11:53 Farm
» items
| Scroll of Regeneration | 1 | |
| Ivory Tower | 3 | |
| Scroll of Town Portal | 6 | |
| Potion of Lesser Invulnerability | 2 | |
| Scroll of Healing | 1 | |
| Periapt of Vitality | 1 | |
| Staff of Teleportation | 1 | |
| Potion of Invisibility | 1 | |
16 total
Chat log
(00:19 / All) BETTLEJOOCE: woot cowboys drafted a rb
(00:26 / Allies) Juggernaut: Lets bring civilization to these barbarian hordes
(00:35 / Allies) fumbler: TOWER IT UP BOYS
(00:47 / Allies) Juggernaut: LETS SHOW THEM TEH MIGHT OF HUMANITY
(00:59 / All) BETTLEJOOCE: this is a human world bitches
(01:03 / All) BETTLEJOOCE: ASSHOLE RANDOMS
(02:10 / Allies) BETTLEJOOCE: thx for the tower green
(02:22 / Allies) fumbler: fine
(02:30 / Allies) BETTLEJOOCE: jk u take
(02:58 / All) BETTLEJOOCE: was bnet down for uguys
(05:10 / Allies) BETTLEJOOCE: playing like hsit
(07:25 / All) ImpatientJake: LOL
(07:28 / All) Juggernaut: wow
(07:44 / Allies) BETTLEJOOCE: wood me
(08:29 / Allies) Juggernaut: we need aa
(08:34 / Allies) Juggernaut: lumber
(09:22 / Allies) BETTLEJOOCE: if they hit
(09:23 / Allies) BETTLEJOOCE: we fucked
(09:36 / Allies) Juggernaut: toiwer up lol
(09:43 / Allies) Juggernaut: tp to my expoi if they hit
(10:01 / Allies) fumbler: tp
(10:04 / Allies) BETTLEJOOCE: no units
(10:12 / Allies) Juggernaut: tp jak
(10:18 / Allies) Juggernaut: jake wtf
(10:21 / Allies) BETTLEJOOCE: buy pink a tp
(10:26 / Allies) Juggernaut: ,an you had dhawk
(10:41 / Allies) Juggernaut: tp motherfucker
(12:23 / All) Juggernaut: welp
(12:31 / All) Juggernaut: little fucking faggot
(13:13 / All) Juggernaut: fiend massing queer
(13:24 / All) Juggernaut: i fart in your general direction
(13:27 / Allies) Juggernaut: lumber
(13:45 / Allies) Juggernaut: lumber
(13:55 / Allies) Juggernaut: lumber
(14:01 / All) Juggernaut: mher
(14:05 / All) Manplay: lol?
(15:13 / Allies) Juggernaut: expos
(17:14 / Allies) Juggernaut: orange has mapo hack I believe
(19:39 / Allies) Juggernaut: lumbs
(19:42 / All) Juggernaut: dude
(19:44 / All) EarthWurmJim: You win.
(19:47 / All) Juggernaut: there is a map hacker on your team
(19:50 / All) ImpatientJake: Purp lose
(19:55 / All) EarthWurmJim: Red is team-killing
(20:10 / All) ImpatientJake: You can leave now purp
(20:19 / All) EarthWurmJim: afk
(20:22 / All) EarthWurmJim: watching youtube
(20:27 / All) ImpatientJake: what you watching
(20:29 / All) ImpatientJake: let's plays? lol
(20:29 / All) Juggernaut: fuck off map hackers
(21:38 / All) BETTLEJOOCE: purple isnt going afk
(22:14 / All) EarthWurmJim: told you GG
(22:17 / All) EarthWurmJim: red killing us
(22:20 / All) BETTLEJOOCE: stfu
(22:21 / All) BETTLEJOOCE: and leave
(22:22 / All) BETTLEJOOCE: retard
(22:26 / All) ImpatientJake: yeah
(22:28 / All) ImpatientJake: listen to teal
(22:30 / All) ImpatientJake: stfu and leave retard
(24:02 / All) Juggernaut: STOP
(24:03 / All) Juggernaut: HAMMER TIME
(24:15 / All) Juggernaut: love auto web
(24:26 / All) BETTLEJOOCE: try hard yellow down
(24:27 / All) ImpatientJake: I didn't even research web this game lawl
(24:29 / All) ImpatientJake: no need
(25:14 / All) Juggernaut: why two halls
(25:21 / All) Juggernaut: JOLENE
(25:24 / All) Juggernaut: JOLENE JOLEEENNEE!
(25:30 / All) Juggernaut: I'm begging of you please don't take my man
(25:31 / All) ImpatientJake: Two halls as undead is pro duh
(25:36 / All) ImpatientJake: you can double produce acolytes
(25:38 / All) Manplay: u patetic noob
(25:40 / All) Manplay: =D
(25:41 / All) ImpatientJake: or get acolyte and backpack upgrade at the same time
(26:27 / Allies) Juggernaut: lumnber lots
(26:28 / All) BETTLEJOOCE: this game is a perf example why we should never let our allies take expos
(26:32 / All) BETTLEJOOCE: Green took my expo and he sucked ass
(26:48 / All) Juggernaut: pink quit at first sign of trouble
(26:53 / All) Juggernaut: I let him take exp tome too
(26:57 / All) Juggernaut: I should have just took it
(27:03 / All) Juggernaut: he tried to take the second one I was creeping
(27:13 / All) ImpatientJake: kill the haunted mine there too
(27:15 / All) ImpatientJake: at purp's old base
(27:54 / All) ImpatientJake: lawl
(27:56 / All) ImpatientJake: nice illusions
(28:03 / All) Juggernaut: yeh too bad no enemy for them lawl
(29:07 / All) ImpatientJake: couple orange and yel buildings left
(29:11 / All) ImpatientJake: then I have 3
(29:14 / All) Juggernaut: why are allies left early
(29:16 / All) Juggernaut: your team still here
(29:22 / All) ImpatientJake: My team is all "AFK"
(29:35 / All) BETTLEJOOCE: i think oj posts
(29:40 / All) BETTLEJOOCE: on wcr
(29:54 / All) ImpatientJake: He should post this, he sucks ass
(29:59 / All) ImpatientJake: I rape him any day
(30:11 / All) Juggernaut: cllaws of attack +15
(30:24 / All) ImpatientJake: I got pendant of energy and claws +6
(30:27 / All) ImpatientJake: pretty sick lich items
(30:30 / All) BETTLEJOOCE: yes do it
(30:39 / All) Juggernaut: pink insta alt qqed
(30:43 / All) Juggernaut: aboput 20 mins ago
(31:06 / All) Juggernaut: man
(31:09 / All) Juggernaut: two claws 15
(31:21 / All) ImpatientJake: Anything to say for yourselves?
(31:24 / All) ImpatientJake: yel, orange
(31:26 / All) ImpatientJake: purp?
(31:30 / All) ImpatientJake: You have until my stuff unsummons
(31:32 / All) ImpatientJake: for any last words